 Dungeon Crawl Stone Soup version 0.28.0-45-g0d030f2227 (webtiles) character file.

Game seed: 6140652007533425423

114 brightshaft the Chucker (level 4, -1/28 HPs)
             Began as an Octopode Wanderer on Apr 20, 2022.
             Slain by a vampire bat (3 damage)
             ... on level 3 of the Dungeon.
             The game lasted 00:03:22 (2590 turns).

brightshaft the Chucker (Octopode Wanderer)         Turns: 2590, Time: 00:03:23

Health: -1/28      AC:  1    Str: 10    XL:     4   Next: 97%
Magic:  5/5        EV: 13    Int: 17    God:
Gold:   81         SH:  0    Dex: 11    Spells: 1/5 levels left

rFire   . . .      SeeInvis .   a - +3 dagger
rCold   . . .      Faith    .   (no shield)
rNeg    . . .      Spirit   .   c - +0 hat
rPois   .          Reflect  .   (no amulet)
rElec   .          Harm     .   (no ring)
rCorr   .          Rampage  .   (no ring)
Will    .....                   (no ring)
Stlth   +++.......              (no ring)
HPRegen 0.09/turn               (no ring)
MPRegen 0.09/turn               (no ring)
                                (no ring)
                                (no ring)

@: no status effects
A: almost no armour, amphibious, 8 rings, camouflage 1, gelatinous body 1,
(nimble swimmer 1), tentacles
a: no special abilities


You were on level 3 of the Dungeon.
You visited 1 branch of the dungeon, and saw 3 of its levels.

You collected 81 gold pieces.

Inventory:

Hand Weapons
 a - a +3 dagger (weapon)
Missiles
 b - 4 curare-tipped darts (quivered)
 f - 2 poisoned darts
Armour
 c - a +0 hat (worn)
Scrolls
 d - a scroll of enchant armour {unknown}
 e - a scroll of identify {unknown}
Potions
 g - a potion of lignification {unknown}


   Skills:
 - Level 1.0 Fighting
 - Level 5.0 Throwing
 + Level 3.5 Dodging
 + Level 4.0 Stealth
 - Level 1.0 Spellcasting
 + Level 1.8 Translocations


You had one spell level left.
You knew the following spells:

 Your Spells              Type           Power      Damage    Failure   Level
a - Apportation           Tloc           14%        N/A       10%         1
b - Teleport Other        Tloc           7%         N/A       30%         3

Your spell library contained the following spells:

 Spells                   Type           Power      Damage    Failure   Level
 Sandblast                Erth           0%         2d4       22%         1
 Gell's Gravitas          Tloc           7%         N/A       30%         3
 Lesser Beckoning         Tloc           7%         N/A       30%         3
 Passwall                 Tmut/Erth      0%         N/A       32%         2
 Stone Arrow              Conj/Erth      0%         3d7       54%         3


Dungeon Overview and Level Annotations

Branches:
Dungeon (3/15)

Altars:


Innate Abilities, Weirdness & Mutations

You cannot wear most types of armour.
You are amphibious.
You can wear up to eight rings at the same time.
Your skin changes colour to match your surroundings (Stealth+).
Your rubbery body absorbs attacks. (AC +1, EV +1)
((You are camouflaged when in or above water. (Stealth+)))
You have tentacles for arms and can constrict up to eight enemies at once.


Message History

Your squeeze misses the vampire bat. The vampire bat bites you.
The vampire bat draws strength from your injuries!
The bat misses you. The bat barely misses you.
You closely miss the vampire bat. Your grab misses the vampire bat.
The vampire bat bites you.
The vampire bat draws strength from your injuries!
The bat hits you but does no damage. x2; The bat misses you.
You miss the bat. Your grab misses the bat.
The bat is moderately wounded.
The bat closely misses you. The bat barely misses you. The bat hits you.
* * * LOW HITPOINT WARNING * * *
The bat closely misses you.
You hit the bat.
You kill the bat!
The bat barely misses you. The vampire bat bites you.
* * * LOW HITPOINT WARNING * * *
The vampire bat draws strength from your injuries!
The vampire bat completely misses you. The bat hits you.
* * * LOW HITPOINT WARNING * * *
The bat barely misses you.
You closely miss the vampire bat. Your grab misses the vampire bat.
The bat hits you but does no damage. x2; The vampire bat misses you.
You miss the bat. Your grab misses the bat. The bat misses you.
The bat closely misses you. The bat hits you.
* * * LOW HITPOINT WARNING * * *
The bat hits you but does no damage. The bat closely misses you.
The bat misses you. The bat barely misses you. The bat hits you.
* * * LOW HITPOINT WARNING * * *
The bat hits you but does no damage. The bat completely misses you.
The vampire bat barely misses you. The bat completely misses you.
The bat closely misses you. The bat barely misses you.
The vampire bat bites you but does no damage.
The bat closely misses you. The bat barely misses you.
The vampire bat bites you.
* * * LOW HITPOINT WARNING * * *
The vampire bat draws strength from your injuries!
The bat misses you. The vampire bat bites you.
You die...

##...## ##.....##
##########
.......#####........#
.....###...........#
#†..###.............
#.####.............#
####.b#.......#.##.....
#....b###.....#....####
#....b@.......######
#..b.b###.....# #.....#
#.....# #.....# #.....#
#.....# #.....# #.....#
#.#########
##########.# #...#
#.)........#####...#
#.##########.......#


You could see a vampire bat and 4 bats.

Vanquished Creatures
  A vampire bat (D:3)
  An adder (D:2)
  4 dart slugs
  10 bats
  5 endoplasms
  2 giant cockroaches (D:1)
  3 goblins (D:2)
  3 hobgoblins
  4 jackals (D:1)
  4 quokkas
  3 ball pythons (D:1)
  3 frilled lizards
  6 kobolds
  2 rats
51 creatures vanquished.

Notes
Turn   | Place    | Note
-------+----------+-------------------------------------------
     0 | D:1      | brightshaft the Octopode Wanderer began the quest for the
                  | Orb.
     0 | D:1      | brightshaft set off with the following items: a +2 dagger,
                  | 4 curare-tipped darts, a +0 hat; and the following spell
                  | memorised: Apportation; and the following spells available
                  | to memorise: Lesser Beckoning
     0 | D:1      | Reached XP level 1. HP: 13/13 MP: 2/2
   125 | D:1      | Reached skill level 1 in Stealth
   219 | D:1      | Reached XP level 2. HP: 13/18 MP: 3/3
   839 | D:1      | Reached XP level 3. HP: 23/23 MP: 4/4
  1663 | D:2      | Learned a level 3 spell: Teleport Other
  1956 | D:2      | Reached XP level 4. HP: 28/28 MP: 5/5
  2590 | D:3      | Slain by a vampire bat

Illustrated notes

Levels and vault maps discovered:
D:1:      evilmike_arrival_plus, layout_loops_corners
D:2:      layout_loops_ring
D:3:      layout_basic, gup_sewer_entry_glass,
          amcnicky_mini_rare_corridor_liquid, minmay_misc_feat_x,
          roderic_batcave

Skill      XL: |  1  2  3  4 |
---------------+-------------+-----
Stealth        | 1 2 3 4 |  4.0
Dodging        | 3 |  3.5
Fighting       | |  1.0
Throwing       | |  5.0
Spellcasting   | |  1.0
Translocations | |  1.8

Action                   |  1- 3 |  4- 6 || total
-------------------------+-------+-------++-------
Melee: Dagger            |    71 |    27 ||    98
       Constrict         |    17 |     6 ||    23
       Tentacles         |    10 |     3 ||    13
       Punch             |     1 |     1 ||     2
  Use: Scroll            |     2 |       ||     2
 Stab: Sleeping          |    15 |     5 ||    20
Armor: Skin              |     5 |    13 ||    18
Dodge: Dodged            |    34 |    55 ||    89
